 Dungeon Crawl Stone Soup version 0.21-a0-227-g58a7c62 (webtiles) character file.

6 Pippin the Magician (level 1, -14/22 HPs)
             Began as a Vampire Wanderer on Aug 31, 2017.
             Demolished by a kobold
             ... wielding a +2 dagger of electrocution
              (18 damage)
             ... on level 1 of the Dungeon.
             The game lasted 00:01:20 (220 turns).

Pippin the Magician (Vampire Wanderer)               Turns: 220, Time: 00:01:20

Health: -14/22     AC: 20    Str: 11    XL:     1   Next: 75%
Magic:  4/4        EV:  2    Int: 13    God:
Gold:   21         SH:  0    Dex: 14    Spells: 6/6 levels left

rFire    . . .     SeeInvis +   a - +2 falchion
rCold    . . .     Gourm    .   (no shield)
rNeg     + + +     Faith    .   (armour currently unavailable)
rPois    +         Spirit   .   (helmet currently unavailable)
rElec    .         Reflect  .   (cloak currently unavailable)
rCorr    .         Harm     .   (gloves currently unavailable)
MR       .....     NoTele   +   (boots currently unavailable)
Stlth    ++........             (no amulet)
HPRegen  0.07/turn              (no ring)
MPRegen  0.09/turn              (no ring)

@: tree-form
A: see invisible
a: no special abilities


You were on level 1 of the Dungeon.
You were not thirsty.
You were a tree.
You visited 1 branch of the dungeon, and saw 1 of its levels.

You collected 21 gold pieces.

Inventory:

Hand Weapons
 a - a +2 falchion (weapon)
Armour
 c - a +0 robe (melded)
Scrolls
 f - 2 scrolls of identify {unknown}
 g - a scroll of noise {unknown}
 h - a scroll of blinking {unknown}
Potions
 d - 4 potions of blood
 e - a potion of heal wounds {unknown}


   Skills:
 - Level 1.0 Fighting
 * Level 2.3 Long Blades
 - Level 1.0 Throwing
 + Level 2.3 Stealth
 - Level 3.0 Spellcasting
   Level 1.1 Transmutations
   Level 1.0 Earth Magic


You had 6 spell levels left.
You didn't know any spells.

Dungeon Overview and Level Annotations

Branches:
Dungeon (1/15)

Altars:


Innate Abilities, Weirdness & Mutations

((You have razor-sharp teeth.))
You have supernaturally acute eyesight. (SInv)
((You can survive without breathing.))


Message History

No target in view!
You see here 19 sling bullets.
You see here 19 sling bullets.
f - 2 scrolls labeled TAILIUH IPTAU (gained 1)
Found a stone staircase leading down.
A kobold comes into view.
It is wielding a dagger of electrocution.
The kobold shouts!
A kobold is nearby!
You turn into a tree.
Your +0 robe melds into your body.
Your roots penetrate the ground.
The kobold hits you but does no damage.
You are electrocuted!
Ouch! That really hurt!
* * * LOW HITPOINT WARNING * * *
You barely miss the kobold. The kobold barely misses you.
You hit the kobold but do no damage. The kobold hits you but does no damage.
You barely miss the kobold. The kobold hits you but does no damage.
You miss the kobold. The kobold hits you but does no damage.
You are electrocuted!
Ouch! That really hurt!
You die...

#..#.#......§...#÷#..
..#.#....≈.....#....
#.#.#.....≈≈.§......
#...#.....§≈§§......
#...#.....§§≈§≈≈...≈
#...#.....§≈≈§≈≈≈.≈≈
#...#.....§.≈≈≈≈§.≈≈
#....##....§§≈≈.....
......#♣........§≈......
.#....#K......≈§§≈...<..
..... #.§§.§≈≈≈≈≈§≈.....
.#... #§..§§≈≈≈≈§≈≈.....
#.. #.≈§≈≈§§§≈≈§≈§≈§§§
#.. #§$..........§§≈§§
#.............≈≈§.
#....####.....≈≈≈.
#...... #."....≈..


You could see a kobold.

Vanquished Creatures
  2 hobgoblins (D:1)
  3 bats (D:1)
  A rat (D:1)
6 creatures vanquished.

Notes
Turn   | Place    | Note
-------+----------+-------------------------------------------
     0 | D:1      | Pippin the Vampire Wanderer began the quest for the Orb.
     0 | D:1      | Pippin set off with: a +2 falchion, a potion of lignification, a +0 robe, a potion of blood
     0 | D:1      | Reached XP level 1. HP: 15/15 MP: 4/4
   220 | D:1      | Demolished by a kobold

Vault maps used:
D:1:      onia_arrival_pentagram

Skill      XL: |  1 |
---------------+----+-----
Stealth        | 2 |  2.3
Fighting       | |  1.0
Long Blades    | |  2.3
Throwing       | |  1.0
Spellcasting   | |  3.0
Transmutations | |  1.1
Earth Magic    | |  1.0

Action                   || total
-------------------------++-------
Melee: Falchion          ||    14
  Use: Potion            ||     1
Armor: Robe              ||     6
       Skin              ||     4
Dodge: Dodged            ||    11
       Rpst.: Falchion   ||     5

Table legend:
 A = Spawn XP
 B = Non-spawn XP
 C = Spawn XP percentage of total XP
 D = Spawn monster count
 E = Non-spawn monster count
 F = Spawn count percentage of total count
 G = Total turns spent on level
                    A         B        C        D         E        F      G
               +---------+---------+-------+---------+---------+-------+---------
         Total |       0 |       9 |   0.0 |       0 |       6 |   0.0 |   220
               +---------+---------+-------+---------+---------+-------+---------
           D:1 |       0 |       9 |   0.0 |       0 |       6 |   0.0 |   220
               +---------+---------+-------+---------+---------+-------+---------
